 Dungeon Crawl Stone Soup version 0.18.1-5-g4a78601 (webtiles) character file.

67 esc the Magician (level 4, -4/37 HPs)
             Began as a Deep Elf Fire Elementalist on May 12, 2016.
             Slain by a worm (6 damage)
             ... on level 3 of the Dungeon.
             The game lasted 00:03:32 (1637 turns).

esc the Magician (Deep Elf Fire Elementalist)       Turns: 1637, Time: 00:03:32

Health: -4/37      AC: 22    Str:  5    XL:     4   Next: 0%
Magic:  5/11       EV:  2    Int: 21    God:
Gold:   131        SH:  0    Dex: 15    Spells: 1 memorised, 9 levels left

rFire  . . .     SeeInvis .     j - +1 short sword
rCold  . . .     Gourm    .     (armour currently unavailable)
rNeg   + + +     Faith    .     (no shield)
rPois  +         Spirit   .     (helmet currently unavailable)
rElec  .         Dismiss  .     (cloak currently unavailable)
rCorr  .         Reflect  .     (gloves currently unavailable)
SustAt .         Harm     .     (boots currently unavailable)
MR     .....     NoTele   +     (no amulet)
Stlth  +++.......               (no ring)
                                (no ring)

@: tree-form, not resistant to hostile enchantments, fairly stealthy
A: no striking features
a: no special abilities


You were on level 3 of the Dungeon.
You were not hungry.
You were a tree.
You visited 1 branch of the dungeon, and saw 3 of its levels.

You collected 131 gold pieces.

Inventory:

Hand Weapons
 f - a +0 club
   (You took it off a hobgoblin on level 1 of the Dungeon)
 j - a +1 short sword (weapon)
   (You took it off a kobold on level 1 of the Dungeon)
Missiles
 d - 70 stones (quivered)
Armour
 a - a +0 robe (melded)
 l - a +0 cloak (melded)
   (You found it on level 1 of the Dungeon)
Scrolls
 g - a scroll of remove curse
 k - 2 scrolls of amnesia
 p - a scroll of enchant weapon
Potions
 i - a potion of ambrosia
 n - 3 potions of cancellation
Books
 b - a book of Flames
Comestibles
 c - 2 bread rations {@e1}
 h - a meat ration {@e2}
 m - a chunk of flesh {@w0}
 o - 5 fruits


   Skills:
 + Level 1.3 Fighting
 + Level 3.1 Dodging
 - Level 2.4 Stealth
 + Level 3.8 Spellcasting
 + Level 1.8 Conjurations
 + Level 3.7 Fire Magic


You had 9 spell levels left.
You knew the following spells:

 Your Spells              Type           Power        Failure   Level  Hunger
a - Flame Tongue          Conj/Fire      ###..        4%          1    None


Dungeon Overview and Level Annotations

Branches:
Dungeon (3/15)

Altars:
Xom


Message History

You are poisoned.
The adder poisons you!
You take 2 damage, and have 18/20 hp.
Aim: an adder (almost dead)
The flame tongue hits the adder.
You kill the adder!
You feel sick.
You take 1 damage, and have 17/20 hp.
You now have 5/10 mp.
An adder comes into view.
You feel sick.
You take 1 damage, and have 16/20 hp.
A giant cockroach comes into view.
Aim: an adder The flame tongue hits the adder.
You don't know that spell.
You now have 5/10 mp.
Aim: an adder (heavily wounded)
The flame tongue misses the adder.
You feel sick.
You take 1 damage, and have 15/20 hp.
You now have 4/10 mp.
Aim: an adder (heavily wounded)
The flame tongue hits the adder.
You feel sick. The adder bites you.
You are more poisoned.
The adder poisons you! The adder bites you.
You take 5 damage, and have 10/20 hp.
MASSIVE DAMAGE!!
You now have 3/10 mp.
Aim: an adder (severely wounded)
The flame tongue hits the adder.
You kill the adder!
You have reached level 4!
You feel clever.
You regained 3 hp, and now have 13/25 hp.
You now have 2/11 mp.
Drink which item? (? for menu, Esc to quit)
It was a potion of lignification.
You turn into a tree.
Your +0 cloak melds into your body.
Your +0 robe melds into your body.
Your roots penetrate the ground.
You feel sick.
You now have 18/37 hp.
You hit the giant cockroach.
You feel sick.
The giant cockroach bites you but does no damage. x2
You take 1 damage, and have 17/37 hp.
You closely miss the giant cockroach.
The giant cockroach bites you but does no damage.
You barely miss the giant cockroach.
You feel sick.
The giant cockroach bites you but does no damage.
You take 1 damage, and have 16/37 hp.
You hit the giant cockroach.
The giant cockroach bites you but does no damage.
The worm barely misses you.
The giant cockroach bites you but does no damage.
You barely miss the giant cockroach.
You feel sick.
The giant cockroach bites you but does no damage.
The worm bites you but does no damage.
You hit the worm.
The giant cockroach bites you but does no damage.
You barely miss the worm. The giant cockroach barely misses you.
The worm bites you but does no damage.
The giant cockroach bites you but does no damage.
You hit the worm.
You feel sick.
The giant cockroach bites you but does no damage.
The worm completely misses you.
You take 1 damage, and have 15/37 hp.
You hit the worm.
The giant cockroach bites you but does no damage.
You barely miss the worm.
The giant cockroach bites you but does no damage.
The worm bites you.
* * * LOW HITPOINT WARNING * * *
The giant cockroach bites you but does no damage.
You take 6 damage, and have 9/37 hp.
You hit the worm.
The giant cockroach bites you but does no damage.
The worm bites you but does no damage.
You barely miss the worm.
You feel sick.
The giant cockroach bites you but does no damage.
You hit the worm.
The giant cockroach bites you but does no damage.
The worm completely misses you.
The giant cockroach bites you but does no damage.
You hit the worm. The giant cockroach bites you.
* * * LOW HITPOINT WARNING * * *
The worm completely misses you.
You take 1 damage, and have 8/37 hp.
You hit the worm.
The giant cockroach bites you but does no damage.
You hit the worm.
You feel sick.
The giant cockroach bites you but does no damage.
The worm bites you.
* * * LOW HITPOINT WARNING * * *
The giant cockroach bites you but does no damage.
You take 5 damage, and have 3/37 hp.
You barely miss the worm.
The giant cockroach bites you but does no damage.
The worm bites you but does no damage.
You hit the worm.
The giant cockroach bites you but does no damage.
You hit the worm.
You feel sick.
You are no longer poisoned.
The giant cockroach barely misses you. The worm bites you.
You die...

#
....#######
.....)....#
########♣.##
#sw.#
#.#.....?
#...####.
....# .....#
.. ......
#.# #.....##
#.# ##....#


You could see a worm and a giant cockroach.

Vanquished Creatures
  3 adders
  An ooze (D:1)
  2 giant geckos (D:1)
  A ball python (D:1)
  3 bats
  A giant cockroach (D:1)
  4 goblins
  6 hobgoblins
  8 kobolds
  3 rats
32 creatures vanquished.

Notes
Turn   | Place    | Note
--------------------------------------------------------------
     0 | D:1      | esc the Deep Elf Fire Elementalist began the quest for the Orb.
     0 | D:1      | Reached XP level 1. HP: 10/10 MP: 6/6
   184 | D:1      | Reached XP level 2. HP: 16/16 MP: 8/8
   686 | D:1      | Reached skill level 1 in Fighting
  1022 | D:1      | Reached XP level 3. HP: 20/20 MP: 6/9
  1232 | D:2      | Found a faded altar to an unknown god.
  1260 | D:2      | Became a worshipper of Xom of Chaos
  1348 | D:2      | Fell from the grace of Xom
  1352 | D:2      | Reached skill level 3 in Dodging
  1616 | D:3      | Reached XP level 4. HP: 13/25 MP: 2/11
  1628 | D:3      | HP: 9/37 [worm (6)]
  1634 | D:3      | HP: 7/37 [poisoned by an adder]
  1634 | D:3      | HP: 3/37 [worm (4)]
  1637 | D:3      | Slain by a worm

Skill      XL: |  1  2  3 |
---------------+----------+-----
Fighting       | 1 |  1.3
Dodging        | 3 |  3.1
Stealth        | |  2.4
Spellcasting   | |  3.8
Conjurations   | |  1.8
Fire Magic     | |  3.7

Action                   |  1- 3 |  4- 6 || total
-------------------------+-------+-------++-------
Melee: Unarmed           |    10 |       ||    10
       Short sword       |    24 |    19 ||    43
 Cast: Flame Tongue      |    51 |     1 ||    52
Invok: Renounce Religion |     1 |       ||     1
  Use: Scroll            |     8 |       ||     8
       Potion            |       |     1 ||     1
 Stab: Sleeping          |     1 |       ||     1
  Eat: Chunk             |     2 |       ||     2
Armor: Robe              |     6 |       ||     6
       Skin              |       |    26 ||    26
Dodge: Dodged            |    48 |     6 ||    54

Vault maps used:
D:1:      dpeg_arrival_signposts
D:2:      ecumenical_altar_2, minmay_strange_pillars
D:3:      minmay_misc_feat_hallway

Table legend:
 A = Turns spent in this place as a percentage of turns spent in the entire game.
 B = Non-inter-level travel turns spent in this place as a percentage of non-inter-level travel turns spent in the entire game.
 C = Inter-level travel turns spent in this place as a percentage of turns spent in this place.
 D = Turns resting spent in this place as a percentage of non-inter-level travel turns spent in this place.
 E = Turns spent auto-exploring this place as a percentage of non-inter-level travel turns spent in this place.
 F = Non-inter-level travel turns spent in this place divided by the number of levels of this place that you've seen.
                   A       B       C       D       E      F
               +-------+-------+-------+-------+-------+----------------------
         Total | 100.0 | 100.0 |   0.6 |   2.8 |  15.2 | 120.3
       Dungeon | 100.0 | 100.0 |   0.6 |   2.8 |  15.2 | 120.3
               +-------+-------+-------+-------+-------+----------------------

Table legend:
 A = Kills in this place as a percentage of kills in entire the game.
 B = Kills by you in this place as a percentage of kills by you in the entire game.
 C = Kills by friends in this place as a percentage of kills by friends in the entire game.
 D = Other kills in this place as a percentage of other kills in the entire game.
 E = Experience gained in this place as a percentage of experience gained in the entire game.
 F = Experience gained in this place divided by the number of levels of this place that you have seen.
                   A       B       C       D       E      F
               +-------+-------+-------+-------+-------+----------------------
         Total | 100.0 | 100.0 |  -nan |  -nan | 100.0 |  32.3
       Dungeon | 100.0 | 100.0 |  -nan |  -nan | 100.0 |  32.3
               +-------+-------+-------+-------+-------+----------------------
